AoeStats
← Cynthia

Nomad

509225173Analyzed
2v2 RM · 5d ago on Sep 26, 2026· 53m 26s· 4 players
Game mode
Random Map
Map size
176×176
Population
200
Speed
Normal
Resources
Standard
Victory
Conquest
Starting age
Dark Age
Ending age
Imperial Age
RankedLock teamsTeams togetherTeam positionsShared explorationLock speedFull tech treeHidden civsTurbo modeCheats
Victory
Defeat
🇺🇸 Spanish · United States
1568
+14
🇫🇮 Shu · Finland
1527
+16
🇨🇴 Muisca · Colombia
1527
-15
🇲🇽 Varangians · Mexico
1526
-15
ELEG | IronLeg
5:47 Loom
13:55 Feudal Age
17:46 Castle Age
15:41 Fletching
16:17 Stone Mining
16:13 Double-Bit Axe
17:35 Gold Mining
18:04 Town Watch
22:04 Ballistics
21:46 Bodkin Arrow
26:33 Padded Archer Armor
33:08 Imperial Age
30:41 Fishing Lines
32:21 Wheelbarrow
33:26 Horse Collar
33:57 Bow Saw
34:55 Chemistry
35:58 Hand Cart
36:26 Bracer
39:37 Scale Mail Armor
39:47 Forging
41:19 Masonry
44:10 Squires
47:31 Heavy Plow
48:07 Gold Shaft Mining
48:32 Two-Man Saw
48:19 Stone Shaft Mining
49:01 Conscription
49:06 Leather Archer Armor
赤いドラゴン
5:08 Loom
13:54 Feudal Age
14:32 Double-Bit Axe
18:00 Town Watch
22:32 Castle Age
30:32 Forging
37:03 Imperial Age
35:24 Scale Barding Armor
37:07 Chain Barding Armor
38:59 Bloodlines
38:50 Husbandry
40:11 Gold Mining
41:46 Plate Barding Armor
41:56 Cavalier
45:58 Fletching
47:24 Chemistry
50:43 Fishing Lines
51:20 Bodkin Arrow
52:03 Iron Casting
51:43 Horse Collar
51:43 Elite Jarl
Cynthia
10:13 Loom
12:55 Feudal Age
16:20 Castle Age
17:07 Fletching
17:21 Padded Archer Armor
17:05 Horse Collar
26:41 Wheelbarrow
26:39 Double-Bit Axe
26:49 Town Watch
28:18 Gold Mining
29:20 Scale Barding Armor
29:45 Bloodlines
35:15 Imperial Age
32:49 Husbandry
33:35 Chain Barding Armor
33:52 Forging
34:05 Stone Mining
34:26 Bow Saw
35:17 Heavy Plow
35:53 Stone Shaft Mining
36:37 Plate Barding Armor
35:53 Cavalier
37:40 Iron Casting
39:13 Herbal Medicine
40:26 Chemistry
41:13 Blast Furnace
43:12 Leather Archer Armor
43:18 Light Cavalry
47:19 Light Cavalry
48:30 Ring Archer Armor
49:02 Light Cavalry
50:11 Hussar
51:42 Paladin
dioroja
4:57 Loom
11:59 Feudal Age
17:54 Castle Age
16:18 Double-Bit Axe
17:45 Fletching
17:45 Horse Collar
18:38 Bodkin Arrow
18:05 Crossbowman
21:28 Padded Archer Armor
36:16 Imperial Age
35:50 Ballistics
36:26 Bow Saw
36:59 Bracer
37:15 Arbalester
44:27 Pikeman
45:08 Squires
45:30 Scale Mail Armor
45:36 Halberdier
47:00 Chain Mail Armor
48:09 Forging
50:40 Plate Mail Armor
52:53 Leather Archer Armor
52:53 Heavy Plow
52:44 Gold Mining
52:44 Stone Mining
Connection lost

Rejoining the realm…

Still unreachable

The connection could not be restored.

Session expired

The server has moved on; the page needs a fresh start.